Map: [ESL] NeoHumanity

Players

Clem - Winner!

  • Race: Terran Terran
  • Spawn Location: 11:00

Elazer

  • Race: Zerg Zerg
  • Spawn Location: 5:00

Event: ESL SC2 Masters 2023 Summer (Regionals)

VOD

Have the link to the VOD?

Description

Time

  • Played on: May 19, 2023, 1:41 p.m.
  • Length: 8:08

All games in this series

Show
View Real Time Build Order
Export as new Build Order

Clem Terran - Winner!

Build Orders: Reaper Expand, Hellion Banshee 

Get SALT Encoding   

  12  0:00  SCV  
  13  0:12  SCV  
  14  0:17  Supply Depot  
  14  0:24  SCV  
  15  0:38  SCV  
  15  0:39  Barracks  
  16  0:42  Refinery  
  16  0:50  SCV  
  17  1:02  SCV  
  18  1:15  SCV  
  19  1:25  Reaper  
  19  1:27  Orbital Command  
  20  1:37  Command Center  
  20  1:45  Supply Depot  
  20  1:52  SCV  
  21  1:57  Marine  
  22  2:04  SCV  
  23  2:09  Factory  
  23  2:16  SCV  
  23  2:20  Barracks Reactor  
  24  2:28  SCV  
  25  2:40  SCV, Command Center  
  26  2:49  Orbital Command  
  26  2:52  SCV  
  26  2:58  Starport  
  27  3:01  Hellion  
  29  3:06  Hellion  
  29  3:08  SCV  
  29  3:11  Refinery  
  32  3:15  SCV  
  33  3:20  SCV  
  33  3:23  Hellion, Barracks Tech Lab  
  36  3:28  Hellion, SCV  
  36  3:32  SCV  
  40  3:40  SCV  
  41  3:44  Hellion  
  41  3:45  SCV  
  44  3:49  Hellion  
  44  3:51  Banshee  
  44  3:52  SCV  
  50  3:56  Orbital Command  
  50  3:58  Cloaking Field, SCV  
  51  4:04  SCV, Barracks Tech Lab  
  52  4:10  SCV, Supply Depot  
  52  4:13  Barracks  
  53  4:18  SCV  
  53  4:19  Barracks  
  53  4:20  Orbital Command  
  53  4:22  Factory Reactor  
  54  4:25  SCV  
  54  4:27  Marine  
  54  4:31  SCV  
  57  4:33  Supply Depot  
  57  4:34  Banshee  
  57  4:37  SCV  
  61  4:41  Refinery  
  61  4:43  SCV  
  61  4:44  Refinery  
  61  4:45  Marine  
  64  4:49  Stimpack  
  64  4:51  SCV  
  64  4:53  Engineering Bay  
  64  4:54  Engineering Bay  
  64  4:55  SCV  
  64  4:56  SCV  
  66  5:03  Marine, SCV  
  68  5:07  SCV  
  68  5:08  SCV  
  68  5:09  Marine x3, Supply Depot  
  68  5:10  Marine  
  74  5:15  SCV  
  74  5:19  SCV, Supply Depot  
  74  5:20  SCV  
  77  5:24  Terran Infantry Weapons Level 1, Terran Infantry Armor Level 1  
  77  5:28  Starport Reactor  
  77  5:30  Marine x3  
  77  5:31  SCV  
  77  5:32  SCV, Supply Depot, Marine  
  77  5:34  SCV  
  84  5:36  Marine  
  84  5:41  Siege Tank  
  88  5:44  SCV, Supply Depot  
  88  5:45  SCV  
  88  5:48  Marine  
  88  5:49  Barracks  
  91  5:51  Barracks, SCV  
  91  5:53  Marine  
  91  5:56  SCV, Marine  
  95  5:57  SCV  
  95  5:58  Marine x2  
  95  6:01  Supply Depot  
  95  6:04  SCV  
  99  6:06  Marine  
  99  6:07  Medivac  
  99  6:08  SCV, Medivac  
  99  6:10  SCV  
  99  6:11  Marine  
  107  6:15  Supply Depot  
  107  6:17  Marine x2  
  109  6:23  SCV, Siege Tank  
  109  6:25  SCV  
  114  6:26  Marine x2  
  114  6:27  Refinery  
  114  6:29  SCV, Combat Shield, Supply Depot  
  117  6:34  Factory  
  117  6:36  Marine, SCV  
  117  6:37  Barracks Reactor  
  117  6:38  Supply Depot  
  117  6:40  Barracks Reactor  
  117  6:41  SCV, Marine  
  117  6:45  Marine  
  121  6:49  Medivac  
  121  6:50  Medivac  
  121  6:52  Marine x2  
  121  6:53  Supply Depot  
  129  6:54  Marine  
  129  7:00  Command Center  
  129  7:01  Marine  
  128  7:05  Armory  
  128  7:10  Marine  
  128  7:11  Marine x2, Supply Depot  
  128  7:12  Marine, Refinery  
  128  7:14  Siege Tank  
  135  7:17  Marine x4  
  135  7:18  Marine  
  135  7:19  Medivac  
  135  7:20  Factory Reactor  
  142  7:28  Marine x2  
  141  7:30  Marine  
  141  7:32  Medivac  
  141  7:35  Marine x4  
  138  7:40  Marine x2  
  138  7:41  Missile Turret  
  138  7:42  Missile Turret  
  138  7:44  Missile Turret  
  140  7:46  Marine x2  
  140  7:48  Marine  
Show
View Real Time Build Order
Export as new Build Order

Elazer Zerg 

Build Orders: Hatch First 

Get SALT Encoding   

  12  0:00  Drone  
  13  0:11  Overlord  
  13  0:16  Drone  
  14  0:30  Drone x2  
  16  0:46  Hatchery  
  15  0:50  Drone  
  15  0:54  Drone  
  17  0:57  Drone  
  18  1:08  Extractor  
  17  1:12  Spawning Pool  
  17  1:15  Drone  
  17  1:18  Drone  
  18  1:27  Drone  
  19  1:38  Drone  
  20  1:48  Drone  
  21  1:59  Queen x2  
  21  2:00  Zergling x4  
  27  2:10  Drone  
  27  2:11  Overlord, Metabolic Boost  
  28  2:29  Hatchery  
  27  2:31  Drone  
  27  2:35  Drone x2  
  30  2:41  Drone  
  30  2:45  Queen  
  30  2:49  Overlord  
  32  2:54  Drone x2  
  34  3:05  Drone  
  34  3:09  Overlord  
  34  3:10  Drone x3  
  38  3:14  Drone  
  38  3:16  Queen  
  41  3:23  Queen  
  43  3:27  Drone x2  
  43  3:29  Overlord, Zergling x2  
  46  3:38  Drone  
  46  3:41  Drone x5  
  52  3:48  Queen  
  52  3:52  Drone x3  
  52  3:54  Queen  
  59  3:59  Zergling x6  
  62  4:09  Overlord  
  62  4:12  Drone x3  
  62  4:16  Drone  
  66  4:22  Overlord  
  66  4:25  Lair  
  66  4:27  Drone x8  
  74  4:35  Overlord  
  74  4:40  Queen x2  
  74  4:44  Baneling Nest  
  74  4:45  Extractor  
  76  4:48  Zergling x10  
  76  4:52  Overlord  
  81  4:53  Spore Crawler  
  81  4:59  Drone x5  
  84  5:03  Drone x4  
  84  5:04  Drone  
  84  5:05  Extractor, Overlord  
  84  5:06  Drone  
  89  5:16  Overlord  
  89  5:18  Overlord  
  89  5:19  Drone  
  89  5:20  Extractor  
  89  5:21  Extractor  
  89  5:26  Overlord  
  89  5:27  Hatchery  
  87  5:29  Extractor, Spore Crawler x2  
  87  5:31  Drone x2  
  87  5:32  Drone  
  87  5:38  Spire  
  87  5:39  Drone x5  
  91  5:44  Overlord  
  91  5:45  Drone x2  
  91  5:48  Overseer  
  93  5:51  Overlord  
  93  5:54  Overlord  
  93  5:56  Drone x5  
  95  6:05  Overlord  
  95  6:06  Drone  
  93  6:13  Overlord  
  93  6:14  Drone x3  
  93  6:16  Drone  
  97  6:25  Hatchery, Zergling x2  
  97  6:26  Zergling x10  
  102  6:35  Zergling x2  
  102  6:36  Centrifugal Hooks  
  103  6:52  Mutalisk x8  
  119  6:54  Zergling x10  
  119  6:56  Queen x2  
  119  6:57  Queen  
  119  7:00  Zergling x6  
  133  7:06  Drone x2  
  135  7:08  Zergling x2  
  135  7:14  Overlord  
  135  7:15  Mutalisk x3  
  136  7:16  Evolution Chamber  
  136  7:17  Evolution Chamber  
  140  7:25  Zergling x20  
  135  7:32  Zergling x2  
  135  7:33  Zergling x10  
  125  7:40  Zergling x6  
Tags
 
Add a new tag
Caveats
  • Supply blocks, unpowered buildings, or Contaminate may cause inaccurate times.
  • Supply counts are checked every 10 seconds.